 Dungeon Crawl Stone Soup version 0.32-a0-913-g739538afd8 (webtiles) character file.

Game seed: 7877172531859045421

101 Adrian566 the Slasher (level 4, 0/34 HPs)
             Began as a Demonspawn Gladiator on Apr 8, 2024.
             Succumbed to an adder's poison
             ... on level 3 of the Dungeon.
             The game lasted 00:02:30 (1707 turns).

Adrian566 the Slasher (Demonspawn Gladiator)        Turns: 1707, Time: 00:02:33

Health: 0/34       AC:  3    Str: 15    XL:     4   Next: 48%
Magic:  4/4        EV: 12    Int:  8    God:
Gold:   79         SH:  0    Dex: 16    Spells: 3/3 levels left

rFire   . . .        a - +0 long sword
rCold   . . .        (no shield)
rNeg    . . .        b - +0 leather armour
rPois   .            (helmet restricted)
rElec   .            (no cloak)
rCorr   .            (no gloves)
SInv    .            (boots unavailable)
Will    .....        (no amulet)
Stlth   +            (no ring)
HPRegen 0.25/turn    (no ring)
MPRegen 0.09/turn

%: no passive effects
@: lethally poisoned (0 -> -3)
A: hooves 3, demonic guardian 1, horns 1, persistent drain
a: no special abilities


You were on level 3 of the Dungeon.
You visited 1 branch of the dungeon, and saw 3 of its levels.

You collected 79 gold pieces.

Inventory:

Hand Weapons
 a - a +0 long sword (weapon)
 o - the +8 quarterstaff of the Sky {holy, rElec rF+ Int+4 Dex-2}
   (You found it on level 2 of the Dungeon)

   Int+4:     It affects your intelligence (+4).
   Dex-2:     It affects your dexterity (-2).
   rF+:       It protects you from fire.
   rElec:     It insulates you from electricity.
Missiles
 d - 3 throwing nets (quivered)
 e - a javelin
Armour
 b - a +0 leather armour (worn)
 c - a +0 helmet
Jewellery
 p - a +6 ring of dexterity
Scrolls
 f - 3 scrolls of identify {unknown}
 j - a scroll of enchant weapon {unknown}
 n - a scroll of revelation {unknown}
 q - a scroll of vulnerability {unknown}
 s - a scroll of teleportation {unknown}
Potions
 g - a potion of brilliance
 h - a potion of haste
 m - a potion of curing {unknown}
 r - a potion of magic {unknown}


   Skills:
 + Level 2.4 Fighting
 + Level 3.9 Long Blades
 + Level 1.8 Throwing
 + Level 1.0 Armour
 + Level 3.2 Dodging
 + Level 0.4 Stealth


You had 3 spell levels left.
You didn't know any spells.
Your spell library was empty.

Dungeon Overview and Level Annotations

Branches:
Dungeon (3/15)

Altars:


Innate Abilities, Weirdness & Mutations

You have hooves in place of feet.
A weak demonic guardian rushes to your aid.
You have a pair of small horns on your head.
Your health recovers twice as slowly from being drained.


Message History

You are too injured to fight recklessly!
You are too injured to fight recklessly!
You are too injured to fight recklessly!
You are too injured to fight recklessly!
You are too injured to fight recklessly!
Unknown command.
You closely miss the adder.
The adder is almost dead.
You feel very sick. The adder closely misses you.
You slash the adder!
You kill the adder!
* * * LOW HITPOINT WARNING * * *
You feel very sick.
* * * LOW HITPOINT WARNING * * *
You feel sick.
It was a potion of brilliance.
You feel clever all of a sudden.
* * * LOW HITPOINT WARNING * * *
You feel sick.
It was a potion of haste.
You feel yourself speed up.
* * * LOW HITPOINT WARNING * * *
You feel sick.
It was a potion of mutation.
You feel extremely strange.
Your feet have mutated into hooves.
You begin to recover more slowly from draining effects.
A pair of horns grows on your head!
Your +0 helmet falls away!
It was a potion of enlightenment.
You feel very buoyant.
You fly up into the air.
* * * LOW HITPOINT WARNING * * *
You feel sick.
It was a potion of cancellation.
Your magical effects are unravelling.
You feel magically purged.
You feel yourself slow down.
You float gracefully downwards.
You feel a little less clever now.
Your enlightenment fades.
You die...

#............
#.####.#.###.
#.# #.#.# ##
#.# #.#†#
####.# #.#.#
##.##.# #.#.#
#.######>..#.#
#.#..
#............#
#.###
#[@.....# #.#
#..^!.....#
##.......##
##......#
##...#...
##..####. ##.#
. #.#


There were no monsters in sight!

Vanquished Creatures
  An iguana (D:3)
  2 adders
  3 dart slugs
  An orc (D:3)
  3 endoplasms
  4 giant cockroaches (D:1)
  2 goblins
  2 hobgoblins
  4 quokkas
  5 ball pythons
  6 bats
  10 frilled lizards
  5 kobolds
  8 rats
56 creatures vanquished.

Notes
Turn   | Place    | Note
-------+----------+-------------------------------------------
     0 | D:1      | Adrian566 the Demonspawn Gladiator began the quest for the
                  | Orb.
     0 | D:1      | Reached XP level 1. HP: 16/16 MP: 1/1
   245 | D:1      | Discovered your monstrous ancestry.
   245 | D:1      | Gained mutation: You have large cloven feet. [demonic
                  | ancestry]
   245 | D:1      | Reached XP level 2. HP: 10/22 MP: 2/2
   442 | D:1      | Found a faded altar of an unknown god.
   709 | D:2      | Gained mutation: A weak demonic guardian rushes to your
                  | aid. [demonic ancestry]
   709 | D:2      | Reached XP level 3. HP: 27/27 MP: 3/3
   859 | D:2      | Identified the +8 quarterstaff of the Sky {holy, rElec rF+
                  | Int+4 Dex-2}
  1570 | D:3      | Gained mutation: You have hoof-like feet. [demonic
                  | ancestry]
  1570 | D:3      | Reached XP level 4. HP: 34/34 MP: 4/4
  1587 | D:3      | Reached skill level 1 in Armour
  1705 | D:3      | Gained mutation: You have hooves in place of feet. [potion
                  | of mutation]
  1705 | D:3      | Gained mutation: Your health recovers twice as slowly from
                  | being drained. [potion of mutation]
  1705 | D:3      | Gained mutation: You have a pair of small horns on your
                  | head. [potion of mutation]
  1706 | D:3      | HP: 1/34 [poisoned by an adder]
  1707 | D:3      | Succumbed to an adder's poison

Illustrated notes

Levels and vault maps discovered:
D:1:      roderic_crop_circles_arrival_small, layout_rooms,
          basic_ecumenical_altar, minmay_misc_feat_enclosed,
          hangedman_abyss_or_decor_lesser_grid, minmay_worlds_worst_comb
D:2:      layout_loops_ring, dk_vineyard_2, minmay_lizard_king
D:3:      layout_loops_ring

Skill      XL: |  1  2  3  4 |
---------------+-------------+-----
Long Blades    | 3 |  3.9
Dodging        | 3 |  3.2
Armour         | 1 |  1.0
Fighting       | |  2.4
Throwing       | |  1.8
Stealth        | |  0.4

Action                     |  1- 3 |  4- 6 || total
---------------------------+-------+-------++-------
  Melee: Long sword        |   108 |    15 ||   123
         Kick              |    16 |     4 ||    20
    Use: Potion            |       |     5 ||     5
   Stab: Sleeping          |     2 |       ||     2
 Armour: Leather armour    |    95 |    10 ||   105
  Dodge: Dodged            |    85 |     9 ||    94

Table legend: (Time is in decaauts)
 A = Elapsed time spent in this place.
 B = Non-inter-level travel time spent in this place.
 C = Inter-level travel time spent in this place.
 D = Time resting spent in this place.
 E = Time spent auto-exploring this place.
 F = Levels seen in this place.
 G = Mean time per level.
                   A        B        C        D        E       F      G
               +--------+--------+--------+--------+--------+-----+--------+
         Total |   1732 |   1659 |     73 |      0 |   1326 |   3 |  577.3 |
       Dungeon |   1732 |   1659 |     73 |      0 |   1326 |   3 |  577.3 |
               +--------+--------+--------+--------+--------+-----+--------+

Top non-repeatable levels by time:
     D:2: 749 daAuts
     D:1: 651 daAuts
     D:3: 332 daAuts
